 Dungeon Sprint DCSS version 0.16-a0-51-g3cd7026 (webtiles) character file.

35691 BluebellGnoll the Acrobat (level 13, -4/65 HPs)
             Began as a Spriggan Earth Elementalist on Aug 6, 2014.
             Was the Champion of Okawaru.
             Slain by a red ugly thing (28 damage)
             ... in the Dungeon (Sprint IX: "|||||||||||||||||||||||||||||").
             The game lasted 01:04:59 (6009 turns).

BluebellGnoll the Acrobat (SpEE)                    Turns: 6009, Time: 01:05:02

HP  -4/65        AC  5     Str  4      XL: 13   Next: 49%
MP  36/36        EV 35     Int 24      God: Okawaru [******]
Gold 308         SH  5     Dex 17      Spells:  5 memorised, 23 levels left

rFire  x . .     SeeInvis +     Q - +8 cutlass (elec)
rCold  + . .     Clarity  .     p - +2 robe {MR+}
rNeg   . . .     rCorr    .     P - +0 buckler
rPois  .         rRot     .     (helmet restricted)
rElec  .         Spirit   .     k - +0 cloak
SustAb .         Warding  .     (gloves unavailable)
rMut   .         NoTele   +     (boots unavailable)
Gourm  .                        (no amulet)
MR     +++..                    r - +3 ring of intelligence
                                F - ring of ice

@: very quick, extremely resistant to hostile enchantments, extraordinarily
stealthy
A: unfitting armour, see invisible, herbivore 3, speed 3, slow metabolism 2
a: Heroism, Finesse, Renounce Religion


You were in the Dungeon.
You worshipped Okawaru.
Okawaru was exalted by your worship.
You were very full.

You visited 1 branch You collected 1900 gold pieces.
You spent 1592 gold pieces at shops.

Inventory:

Hand weapons
 a - the +4 dagger "Morg" {pain, MR+ Int+5}
   (You found it in the Dungeon)

   In the hands of one skilled in necromantic magic, it inflicts extra damage on
   living creatures.
   It affects your intelligence (+5).
   It affects your resistance to hostile enchantments.
 i - the +8 lance "Wyrmbane" {slay drac, +Rage rPois rF+ AC+5}
   (You found it in the Dungeon)

   It affects your AC (+5).
   It protects you from fire.
   It protects you from poison.
   It lets you go berserk.
 v - the +9 arbalest "Phuipsol" {venom, rF+ Str-1 Int+3}
   (Okawaru gifted it to you in the Dungeon)

   It poisons the ammo it fires.
   It affects your strength (-1).
   It affects your intelligence (+3).
   It protects you from fire.
 J - a +10 blowgun
 K - a +3 quick blade
 O - the +1 dagger of Thin {antimagic, MR++ SInv}
   (Okawaru gifted it to you in the Dungeon)

   It disrupts the flow of magical energy around spellcasters and certain
   magical creatures (including the wielder).
   It affects your resistance to hostile enchantments.
   It enhances your eyesight.
 Q - a +8 cutlass of electrocution (weapon)
Missiles
 b - 35 stones (quivered)
 c - 3 throwing nets
 y - 7 tomahawks of returning
 B - 7 tomahawks
Armour
 k - a +0 cloak (worn)
 p - a +2 robe of magic resistance (worn)
 P - a +0 buckler (worn)
Magical devices
 n - a wand of cold (7)
Comestibles
 u - 13 bread rations
 x - 30 fruits
Scrolls
 j - 4 scrolls of blinking
 l - 4 scrolls of remove curse
 m - 2 scrolls of amnesia
 A - a scroll of fear
 E - 3 scrolls of identify
 N - 2 scrolls of enchant armour
Jewellery
 q - a +3 ring of strength
 r - a +3 ring of intelligence (right hand)
 F - a ring of ice (left hand)
 G - an uncursed ring of protection from fire
 H - an uncursed ring of fire
 I - an uncursed ring of ice
Potions
 e - 7 potions of curing
 f - 7 potions of heal wounds
 g - a potion of invisibility
 h - 4 potions of magic
 s - 2 potions of agility
 t - a potion of berserk rage
 w - 2 potions of resistance
 z - a potion of cure mutation
 L - 3 potions of brilliance
 M - a potion of might
Books
 d - a book of Geomancy

   Spells                             Type                      Level
   *Sandblast                         Earth                        1
   *Stoneskin                         Transmutation/Earth          2
   Passwall                           Transmutation/Earth          3
   *Stone Arrow                       Conjuration/Earth            3
   *Petrify                           Transmutation/Earth          4
   *Lee's Rapid Deconstruction        Earth                        5
Magical staves
 o - an uncursed staff of energy
Miscellaneous
 D - a lamp of fire (inert)
Rods
 C - a +2 rod of inaccuracy (0/12)
   (You bought it in a shop in the Dungeon)


   Skills:
 - Level 6.2 Fighting
 - Level 19.4 Short Blades
 * Level 22.5 Dodging
 - Level 18.8 Stealth
 - Level 13.4 Spellcasting
 - Level 1.3 Transmutations
 - Level 11.5 Earth Magic
 + Level 7.3 Invocations
 - Level 17.9 Evocations


You had 23 spell levels left.
You knew the following spells:

 Your Spells              Type           Power        Failure   Level  Hunger
a - Sandblast             Erth           ######       1%          1    None
b - Stoneskin             Trmt/Erth      #####...     1%          2    None
c - Stone Arrow           Conj/Erth      #####.       1%          3    None
d - Petrify               Trmt/Erth      #####...     3%          4    None
e - Lee's Rapid Deconstr  Erth           ######....   1%          5    ##.....


Dungeon Overview and Level Annotations

Branches:
Dungeon (1/1)

Altars:
Cheibriados
Dithmenos
Elyvilon
Fedhas
Gozag
Kikubaaqudgha
Makhleb
Nemelex Xobeh
Okawaru
Qazlal
Sif Muna
Trog
Vehumet
Xom
Yredelemnul
Zin
The Shining One
Beogh
Jiyva
Lugonu

Shops:
D !}*[


Innate Abilities, Weirdness & Mutations

You are tiny and cannot use many weapons and most armour.
You have supernaturally acute eyesight.
You are a herbivore.
You cover ground extremely quickly.
You need consume almost no food.


Message History

The deep troll earth mage is engulfed in roaring flames.
You slash the red ugly thing!
The red ugly thing is moderately wounded.
The battlesphere is engulfed in roaring flames.
The red ugly thing is engulfed in roaring flames.
The red ugly thing engulfs you.
You are engulfed in flames!!
The fire burns you terribly!
The tengu reaver hits your fire elemental with a great sword!!
The tengu reaver pecks your fire elemental but does no damage.
The tengu reaver claws your fire elemental!
Your fire elemental misses the tengu reaver.
The battlesphere is engulfed in roaring flames.
You closely miss the red ugly thing.
The red ugly thing is heavily wounded.
Your fire elemental hits the tengu reaver.
Your fire elemental burns the tengu reaver!
The red ugly thing is engulfed in roaring flames.
The red ugly thing engulfs you!
You are engulfed in flames!!
The fire burns you terribly!
You die...

.▓.▓.▓.▓[▓.▓.▓.▓Q▓
.▓.▓.▓.▓(▓.▓'▓.▓E▓
.▓.▓)▓.▓[▓.▓.▓.▓*▓
.▓.▓)▓.▓.▓.▓.▓.▓§▓
.▓.▓)▓.▓)▓.▓)▓.▓§▓
'▓.▓)▓.▓.▓.▓.▓)▓§▓
.▓.▓.▓.▓)▓.▓.▓.▓T▓
.▓.▓)▓.▓.▓.▓.▓.▓u▓
.▓.▓.▓.▓)▓.▓)▓.▓@▓
.▓)▓.▓.▓)▓.▓.▓.▓'▓
.▓)▓.▓.▓)▓.▓)▓.▓.▓
)▓.▓.▓.▓)▓.▓'▓.▓.▓
[▓.▓.▓.▓.▓.▓.▓.▓.▓
.▓)▓'▓.▓.▓.▓.▓.▓.▓
.▓.▓[▓.▓.▓.▓.▓.▓.▓
.▓.▓)▓.▓.▓.▓.▓.▓.▓
.▓.▓.▓.▓.▓.▓.▓.▓.▓


You could see a tengu reaver, a red ugly thing, a deep troll earth mage and a
friendly fire elemental.

Vanquished Creatures
  A thorn hunter (D)
  A fire giant (D)
  Gastronok (D)
  3 stone giants (D)
  3 hydras (D)
  Harold (D)
  A great orb of eyes (D)
  A centaur warrior (D)
  A satyr (D)
  A tengu warrior (D)
  A death yak (D)
  A vampire mage (D)
  Urug (D)
  A deep elf knight (D)
  An orb spider (D)
  A naga ritualist (D)
  A hill giant (D)
  An ugly thing (D)
  2 salamanders (D)
  2 orc sorcerers (D)
  3 wolf spiders (D)
  8 orc knights (D)
  A mana viper (D)
  A guardian serpent (D)
  A cyclops (D)
  2 griffons (D)
  2 manticores (D)
  A mermaid (D)
  Joseph (D)
  4 spiny frogs (D)
  2 black mambas (D)
  A naga mage (D)
  An efreet (D)
  2 merfolk (D)
  A two-headed ogre (D)
  A giant leech (D)
  3 slime creatures (D)
  A basilisk (D)
  2 bog bodies (D)
  A redback (D)
  A blink frog (D)
  2 hungry ghosts (D)
  A vampire (D)
  A wraith (D)
  A deep elf mage (D)
  A hippogriff (D)
  4 vampire mosquitoes (D)
  A naga (D)
  2 water moccasins (D)
  20 orc warriors (D)
  A sky beast (D)
  4 porcupines (D)
  An ogre (D)
  3 spiders (D)
  A yellow wasp (D)
  A crocodile (D)
  A phantom (D)
  4 giant frogs (D)
  2 hounds (D)
  3 orc wizards (D)
  2 orc priests (D)
  3 iguanas (D)
  6 orcs (D)
  2 bats (D)
  2 hobgoblins (D)
  A gnoll zombie (D)
  2 goblins (D)
  A kobold (D)
  2 rats (D)
  A plant (D)
142 creatures vanquished.

Vanquished Creatures (collateral kills)
  A yaktaur (shapeshifter) (D)
  A slime creature (D)
2 creatures vanquished.

Vanquished Creatures (others)
  2 fire elementals (D)
  A giant leech (D)
  A fungus (D)
  A plant (D)
5 creatures vanquished.

Grand Total: 149 creatures vanquished

Notes
Turn   | Place    | Note
--------------------------------------------------------------
     0 | D        | BluebellGnoll, the Spriggan Earth Elementalist, began the quest for the Orb.
     0 | D        | Reached XP level 1. HP: 9/9 MP: 4/4
     9 | D        | Reached skill level 4 in Spellcasting
   147 | D        | Noticed a hound
   162 | D        | Reached skill level 5 in Spellcasting
   254 | D        | Killed a hound
   254 | D        | Reached skill level 7 in Spellcasting
   254 | D        | Reached XP level 2. HP: 10/13 MP: 1/14
   254 | D        | Reached XP level 3. HP: 12/16 MP: 1/17
   270 | D        | Found a glowing silver altar of Zin.
   270 | D        | Found a glowing golden altar of the Shining One.
   270 | D        | Found an ancient bone altar of Kikubaaqudgha.
   270 | D        | Found a basalt altar of Yredelemnul.
   270 | D        | Found a shimmering altar of Xom.
   270 | D        | Found a radiant altar of Vehumet.
   270 | D        | Found an iron altar of Okawaru.
   271 | D        | Found a burning altar of Makhleb.
   272 | D        | Found a deep blue altar of Sif Muna.
   273 | D        | Found a bloodstained altar of Trog.
   274 | D        | Found a sparkling altar of Nemelex Xobeh.
   275 | D        | Found a white marble altar of Elyvilon.
   276 | D        | Found a roughly hewn altar of Beogh.
   277 | D        | Found a viscous altar of Jiyva.
   278 | D        | Found a corrupted altar of Lugonu.
   279 | D        | Found a blossoming altar of Fedhas.
   281 | D        | Became a worshipper of Warmaster Okawaru
   320 | D        | Found a snail-covered altar of Cheibriados.
   321 | D        | Found a shadowy altar of Dithmenos.
   322 | D        | Found a stormy altar of Qazlal.
   323 | D        | Found an opulent altar of Gozag.
   350 | D        | Learned a level 2 spell: Stoneskin
   354 | D        | Learned a level 3 spell: Stone Arrow
   408 | D        | Noticed a hungry ghost
   408 | D        | Noticed a two-headed ogre
   408 | D        | Noticed an orc warrior
   408 | D        | Noticed an ogre
   408 | D        | Noticed a phantom
   410 | D        | Killed an ogre
   410 | D        | Reached XP level 4. HP: 21/21 MP: 17/20
   410 | D        | Reached XP level 5. HP: 24/24 MP: 17/21
   411 | D        | Killed a two-headed ogre
   411 | D        | Acquired Okawaru's first power
   411 | D        | Reached skill level 11 in Dodging
   411 | D        | Reached XP level 6. HP: 28/28 MP: 18/23
   422 | D        | Killed an orc warrior
   422 | D        | Reached skill level 12 in Dodging
   422 | D        | Reached skill level 10 in Stealth
   428 | D        | Killed a phantom
   428 | D        | Reached XP level 7. HP: 32/32 MP: 13/25
   439 | D        | Killed a hungry ghost
   439 | D        | Reached skill level 13 in Dodging
   540 | D        | Learned a level 4 spell: Petrify
   542 | D        | Noticed a deep elf mage
   542 | D        | Noticed a sky beast
   542 | D        | Noticed a slime creature
   542 | D        | Noticed a hungry ghost
   542 | D        | Noticed a slime creature
   542 | D        | Noticed a cyclops
   544 | D        | Killed a cyclops
   544 | D        | Reached XP level 8. HP: 36/36 MP: 21/26
   546 | D        | Killed a slime creature
   547 | D        | Killed a deep elf mage
   563 | D        | Killed a hungry ghost
   563 | D        | Reached skill level 10 in Earth Magic
   577 | D        | Killed a slime creature
   583 | D        | Killed a sky beast
   716 | D        | Learned a level 5 spell: Lee's Rapid Deconstruction
   822 | D        | Noticed a water moccasin
   822 | D        | Noticed a porcupine
   822 | D        | Noticed a porcupine
   822 | D        | Noticed a spiny frog
   822 | D        | Noticed an iguana
   822 | D        | Noticed an iguana
   822 | D        | Noticed a giant frog
   823 | D        | Noticed a basilisk
   841 | D        | Killed a giant frog
   850 | D        | Killed an iguana
   857 | D        | Killed an iguana
   874 | D        | Killed a spiny frog
   874 | D        | Reached skill level 10 in Short Blades
   874 | D        | Reached XP level 9. HP: 37/39 MP: 9/27
   880 | D        | Killed a porcupine
   893 | D        | Killed a porcupine
  1015 | D        | Killed a basilisk
  1025 | D        | Killed a water moccasin
  1040 | D        | Noticed an eight-headed hydra
  1170 | D        | Killed an eight-headed hydra
  1170 | D        | Reached skill level 14 in Short Blades
  1300 | D        | Noticed a porcupine
  1300 | D        | Noticed a spiny frog
  1300 | D        | Noticed a hound
  1300 | D        | Noticed a water moccasin
  1300 | D        | Noticed a crocodile
  1300 | D        | Noticed a giant frog
  1300 | D        | Noticed an iguana
  1301 | D        | Noticed a spiny frog
  1302 | D        | Killed an iguana
  1303 | D        | Noticed a porcupine
  1304 | D        | Killed a giant frog
  1304 | D        | Reached skill level 1 in Fighting
  1325 | D        | Killed a crocodile
  1331 | D        | Killed a water moccasin
  1342 | D        | Killed a hound
  1359 | D        | Killed a spiny frog
  1359 | D        | Reached XP level 10. HP: 37/49 MP: 11/30
  1370 | D        | Killed a porcupine
  1379 | D        | Killed a spiny frog
  1379 | D        | Reached skill level 10 in Spellcasting
  1380 | D        | Killed a porcupine
  1380 | D        | Acquired Okawaru's second power
  1525 | D        | Noticed a vampire mosquito
  1525 | D        | Noticed a spiny frog
  1525 | D        | Noticed a giant leech
  1525 | D        | Noticed a vampire mosquito
  1525 | D        | Noticed a giant frog
  1525 | D        | Noticed a vampire mosquito
  1525 | D        | Noticed a blink frog
  1527 | D        | Noticed a vampire mosquito
  1530 | D        | Killed a vampire mosquito
  1533 | D        | Killed a blink frog
  1538 | D        | Killed a giant frog
  1643 | D        | Killed a vampire mosquito
  1655 | D        | Killed a giant leech
  1655 | D        | Reached skill level 5 in Fighting
  1688 | D        | Killed a spiny frog
  1853 | D        | Killed a vampire mosquito
  1858 | D        | Killed a vampire mosquito
  1862 | D        | Received a gift from Okawaru
  1925 | D        | Noticed Harold
  1936 | D        | Killed Harold
  2098 | D        | Noticed an orc wizard
  2098 | D        | Noticed an orc warrior
  2098 | D        | Noticed an orc knight
  2098 | D        | Noticed an orc wizard
  2098 | D        | Noticed an orc warrior
  2098 | D        | Noticed an orc wizard
  2114 | D        | Killed an orc warrior
  2125 | D        | Killed an orc knight
  2136 | D        | Killed an orc wizard
  2140 | D        | Killed an orc wizard
  2148 | D        | Killed an orc wizard
  2152 | D        | Killed an orc warrior
  2181 | D        | Noticed an orc priest
  2189 | D        | Noticed an orc priest
  2191 | D        | Killed an orc priest
  2194 | D        | Killed an orc priest
  2321 | D        | Noticed an orc sorcerer
  2321 | D        | Noticed an orc warrior
  2321 | D        | Noticed an orc sorcerer
  2321 | D        | Noticed an orc warrior
  2321 | D        | Noticed an orc warrior
  2321 | D        | Noticed an orc warrior
  2321 | D        | Noticed an orc knight
  2322 | D        | Noticed an orc knight
  2400 | D        | Killed an orc knight
  2400 | D        | Reached skill level 15 in Stealth
  2411 | D        | Killed an orc warrior
  2414 | D        | Killed an orc warrior
  2414 | D        | Reached XP level 11. HP: 11/56 MP: 0/34
  2554 | D        | Killed an orc sorcerer
  2554 | D        | Reached skill level 16 in Stealth
  2580 | D        | Killed an orc sorcerer
  2580 | D        | Reached skill level 17 in Stealth
  2780 | D        | Killed an orc knight
  2884 | D        | Noticed an orc warrior
  2892 | D        | Killed an orc warrior
  2892 | D        | Reached skill level 18 in Stealth
  2901 | D        | Killed an orc warrior
  2908 | D        | Killed an orc warrior
  2941 | D        | Noticed an orc warrior
  2945 | D        | Noticed an orc warrior
  2946 | D        | Noticed an orc warrior
  2951 | D        | Killed an orc warrior
  2956 | D        | Killed an orc warrior
  3009 | D        | Killed an orc warrior
  3110 | D        | Found Qaepeom's Armour Boutique.
  3110 | D        | Noticed an orc warrior
  3110 | D        | Noticed an orc warrior
  3110 | D        | Noticed an orc warrior
  3110 | D        | Noticed an orc warrior
  3110 | D        | Noticed an orc warrior
  3110 | D        | Noticed an orc knight
  3111 | D        | Found Kaus' General Store.
  3148 | D        | Killed an orc knight
  3150 | D        | Killed an orc warrior
  3188 | D        | Killed an orc warrior
  3207 | D        | Killed an orc warrior
  3412 | D        | Killed an orc warrior
  3412 | D        | Reached skill level 15 in Dodging
  3428 | D        | Killed an orc warrior
  3515 | D        | Noticed an orc warrior
  3516 | D        | Found Biafam's Gadget Boutique.
  3517 | D        | Noticed an orc knight
  3518 | D        | Found Fromoutu's Distillery.
  3519 | D        | Noticed an orc warrior
  3521 | D        | Killed an orc warrior
  3522 | D        | Noticed an orc warrior
  3523 | D        | Noticed an orc knight
  3530 | D        | Killed an orc warrior
  3545 | D        | Killed an orc knight
  3661 | D        | Killed an orc knight
  3816 | D        | Noticed an orc knight
  3858 | D        | Killed an orc knight
  4003 | D        | Noticed an orc warrior
  4017 | D        | Killed an orc warrior
  4029 | D        | Killed an orc warrior
  4085 | D        | Bought a +0 rod of inaccuracy (10/10) for 975 gold pieces
  4098 | D        | Bought a lamp of fire for 520 gold pieces
  4101 | D        | Bought a scroll of identify for 24 gold pieces
  4101 | D        | Bought a scroll of identify for 24 gold pieces
  4106 | D        | Bought a potion of agility for 27 gold pieces
  4106 | D        | Bought a potion of curing for 22 gold pieces
  4153 | D        | Noticed Urug
  4165 | D        | Killed Urug
  4165 | D        | Reached skill level 5 in Evocations
  4173 | D        | Noticed Gastronok
  4181 | D        | Killed Gastronok
  4181 | D        | Reached skill level 10 in Evocations
  4407 | D        | Noticed a wraith
  4407 | D        | Noticed a hill giant
  4407 | D        | Noticed an efreet
  4407 | D        | Noticed a tengu warrior
  4407 | D        | Noticed a red ugly thing
  4407 | D        | Noticed a giant frog
  4412 | D        | Killed an efreet
  4412 | D        | Received a gift from Okawaru
  4413 | D        | Noticed an orc knight
  4413 | D        | Got a bloodstained dagger {god gift}
  4416 | D        | Killed a wraith
  4416 | D        | Killed a giant frog
  4417 | D        | Killed a tengu warrior
  4417 | D        | Killed an orc knight
  4418 | D        | Killed a hill giant
  4418 | D        | Reached XP level 12. HP: 33/61 MP: 28/35
  4419 | D        | Noticed a slime creature
  4421 | D        | Killed a red ugly thing
  4425 | D        | Killed a slime creature
  4425 | D        | Reached skill level 15 in Evocations
  4428 | D        | Noticed a centaur warrior
  4431 | D        | Identified the +1 dagger of Thin {antimagic, MR++ SInv} (Okawaru gifted it to you in the Dungeon)
  4534 | D        | Noticed a stone giant
  4535 | D        | Noticed a deep elf knight
  4536 | D        | Noticed a fire giant
  4541 | D        | Killed a deep elf knight
  4544 | D        | Killed a centaur warrior
  4544 | D        | Received a gift from Okawaru
  4551 | D        | Killed a stone giant
  4579 | D        | Killed a fire giant
  4579 | D        | Reached skill level 19 in Dodging
  4583 | D        | Noticed a stone giant
  4827 | D        | Killed a stone giant
  5030 | D        | Noticed a merfolk
  5030 | D        | Noticed a merfolk
  5030 | D        | Noticed a satyr
  5030 | D        | Noticed a hippogriff
  5030 | D        | Noticed a manticore
  5030 | D        | Noticed a griffon
  5030 | D        | Noticed a mermaid
  5031 | D        | Noticed a griffon
  5032 | D        | Killed a mermaid
  5033 | D        | Noticed a manticore
  5036 | D        | Killed a manticore
  5036 | D        | Received a gift from Okawaru
  5036 | D        | Reached skill level 15 in Short Blades
  5036 | D        | Killed a merfolk
  5036 | D        | Killed a hippogriff
  5037 | D        | Killed a griffon
  5037 | D        | Killed a griffon
  5038 | D        | Killed a satyr
  5039 | D        | Killed a manticore
  5046 | D        | Killed a merfolk
  5051 | D        | Got a pitted arbalest {god gift}
  5060 | D        | Identified the +9 arbalest "Phuipsol" {venom, rF+ Str-1 Int+3} (Okawaru gifted it to you in the Dungeon)
  5124 | D        | Noticed a yellow wasp
  5124 | D        | Noticed a spider
  5124 | D        | Noticed a wolf spider
  5124 | D        | Noticed an orb spider
  5124 | D        | Noticed a redback
  5124 | D        | Noticed a spider
  5124 | D        | Noticed a spider
  5125 | D        | Noticed a wolf spider
  5127 | D        | Killed a spider
  5127 | D        | Killed a yellow wasp
  5127 | D        | Killed a redback
  5128 | D        | Killed a spider
  5129 | D        | Noticed a wolf spider
  5130 | D        | Killed a spider
  5130 | D        | Killed a wolf spider
  5132 | D        | Killed a wolf spider
  5134 | D        | Killed a wolf spider
  5136 | D        | Killed an orb spider
  5137 | D        | HP: 2/61 [disintegration (59)]
  5548 | D        | Noticed a naga
  5548 | D        | Noticed a salamander
  5548 | D        | Noticed a mana viper
  5548 | D        | Noticed a naga mage
  5548 | D        | Noticed a guardian serpent
  5548 | D        | Noticed a black mamba
  5548 | D        | Noticed a salamander
  5549 | D        | Noticed a black mamba
  5550 | D        | Killed a salamander
  5552 | D        | Killed a black mamba
  5554 | D        | Killed a mana viper
  5554 | D        | Reached XP level 13. HP: 54/65 MP: 27/36
  5554 | D        | Killed a guardian serpent
  5555 | D        | Killed a naga mage
  5556 | D        | Killed a naga
  5560 | D        | Noticed a naga ritualist
  5561 | D        | Killed a salamander
  5563 | D        | Killed a black mamba
  5566 | D        | Killed a naga ritualist
  5626 | D        | Noticed a bog body
  5626 | D        | Noticed a bog body
  5626 | D        | Noticed a five-headed hydra
  5626 | D        | Noticed a thorn hunter
  5632 | D        | Killed a bog body
  5632 | D        | Killed a five-headed hydra
  5632 | D        | Reached skill level 20 in Dodging
  5634 | D        | Killed a thorn hunter
  5634 | D        | Reached skill level 21 in Dodging
  5635 | D        | Noticed a giant leech
  5640 | D        | Killed a giant leech
  5641 | D        | Killed a bog body
  5643 | D        | Noticed a five-headed hydra
  5659 | D        | Killed a six-headed hydra
  5659 | D        | Received a gift from Okawaru
  5724 | D        | Noticed Joseph
  5732 | D        | Killed Joseph
  5837 | D        | Noticed a deep troll earth mage
  5837 | D        | Noticed a great orb of eyes
  5837 | D        | Noticed a death yak
  5837 | D        | Noticed a vampire
  5837 | D        | Noticed a stone giant
  5837 | D        | Noticed a red ugly thing
  5837 | D        | Noticed a slime creature
  5838 | D        | Noticed a vampire mage
  5839 | D        | Killed a slime creature
  5839 | D        | Reached skill level 5 in Invocations
  5840 | D        | Noticed a tengu reaver
  6003 | D        | Killed a vampire
  6003 | D        | Killed a death yak
  6004 | D        | Killed a stone giant
  6004 | D        | Reached skill level 22 in Dodging
  6004 | D        | Killed a great orb of eyes
  6006 | D        | Killed a vampire mage
  6009 | D        | Slain by a red ugly thing

Action                   |  1- 3 |  4- 6 |  7- 9 | 10-12 | 13-15 || total
-------------------------+-------+-------+-------+-------+-------++-------
Melee: Whip              |    23 |       |       |       |       ||    23
       Unarmed           |     1 |       |       |       |       ||     1
       Dagger            |       |    11 |   105 |    80 |       ||   196
       Staff             |       |       |       |    10 |       ||    10
       Cutlass           |       |       |       |     1 |     8 ||     9
       Lance             |       |       |       |     1 |       ||     1
 Cast: Sandblast         |    17 |       |     1 |       |       ||    18
       Stoneskin         |     1 |       |     3 |    11 |     2 ||    17
       Stone Arrow       |       |     3 |    27 |   151 |     5 ||   186
       Petrify           |       |       |     7 |    14 |       ||    21
       Lee's Rapid Decon |       |       |       |     7 |       ||     7
Invok: Heroism           |       |       |     3 |    12 |     3 ||    18
       Finesse           |       |       |       |       |     1 ||     1
Evoke: Wand              |     1 |     4 |     2 |       |       ||     7
       Staff of energy   |       |       |       |    26 |       ||    26
       Rod               |       |       |       |    14 |     9 ||    23
       Lamp of fire      |       |       |       |     6 |     4 ||    10
  Use: Potion            |     1 |     1 |       |     1 |       ||     3
       Scroll            |       |       |     1 |     3 |       ||     4
 Stab: Sleeping          |     1 |       |     4 |     7 |     2 ||    14
       Petrified         |       |       |     2 |     3 |       ||     5
       Petrifying        |       |       |     1 |     1 |       ||     2
  Eat: Fruit             |       |       |       |    10 |       ||    10
